 Dungeon Crawl Stone Soup version 0.23.2-40-g277498a001 (webtiles) character file.

Game seed: 6537708352169616160

398 FishyPogo the Insei (level 6, -1/47 HPs)
             Began as a Gnoll Transmuter on Oct 4, 2019.
             Slain by a gnoll
             ... wielding a +0 spear
              (3 damage)
             ... on level 4 of the Dungeon.
             The game lasted 00:08:01 (2496 turns).

FishyPogo the Insei (Gnoll Transmuter)              Turns: 2496, Time: 00:08:02

Health: -1/47      AC:  3    Str: 12    XL:     6   Next: 83%
Magic:  20/23      EV: 15    Int: 16    God:
Gold:   120        SH:  0    Dex: 17    Spells: 9/15 levels left

rFire    . . .     SeeInvis .   a - +4 quarterstaff (chaos)
rCold    . . .     Gourm    .   (shield currently unavailable)
rNeg     . . .     Faith    .   b - +0 robe
rPois    .         Spirit   .   (no helmet)
rElec    .         Reflect  .   o - +0 cloak
rCorr    .         Harm     .   (no gloves)
MR       .....                  (no boots)
Stlth    ++........             (no amulet)
HPRegen  0.15/turn              l - ring of magical power
MPRegen  0.18/turn              (no ring)

@: lethally poisoned (-1 -> -12), very slightly contaminated
A: distributed training, fangs 1, strong nose
a: no special abilities


You were on level 4 of the Dungeon.
You were near starving.

You visited 1 branch of the dungeon, and saw 4 of its levels.

You collected 120 gold pieces.

Inventory:

Hand Weapons
 a - a +4 quarterstaff of chaos (weapon)
Missiles
 c - 89 stones (quivered)
 p - 71 arrows
Armour
 b - a +0 robe (worn)
 o - a +0 cloak (worn)
Jewellery
 l - a ring of magical power (left hand)
Wands
 r - a wand of acid (1)
Scrolls
 e - 6 scrolls of identify {unknown}
 f - 2 scrolls of remove curse {unknown}
 g - a scroll of fog {unknown}
 h - 2 scrolls of enchant weapon {unknown}
 i - 3 scrolls of teleportation {unknown}
 j - 2 scrolls of magic mapping {unknown}
Potions
 k - 2 potions of berserk rage {unknown}
 m - a potion of curing {unknown}
 n - 2 potions of mutation {unknown}
Comestibles
 d - 2 rations


   Skills:
 + Level 3.3 Fighting
 + Level 2.1 Short Blades
 + Level 2.1 Long Blades
 + Level 2.1 Axes
 + Level 2.1 Maces & Flails
 + Level 2.1 Polearms
 + Level 2.1 Staves
 + Level 2.1 Slings
 + Level 2.1 Bows
 + Level 2.1 Crossbows
 + Level 2.1 Throwing
 + Level 2.1 Armour
 + Level 5.0 Dodging
 + Level 2.1 Stealth
 + Level 2.1 Shields
 + Level 6.9 Unarmed Combat
 + Level 5.4 Spellcasting
 + Level 1.6 Conjurations
 + Level 1.6 Hexes
 + Level 1.6 Charms
 + Level 1.6 Summonings
 + Level 1.6 Necromancy
 + Level 1.6 Translocations
 + Level 4.1 Transmutations
 + Level 1.6 Fire Magic
 + Level 1.6 Ice Magic
 + Level 1.6 Air Magic
 + Level 1.6 Earth Magic
 + Level 1.6 Poison Magic
 + Level 2.3 Invocations
 + Level 2.1 Evocations


You had 9 spell levels left.
You knew the following spells:

 Your Spells              Type           Power        Failure   Level  Hunger
a - Sticks to Snakes      Tmut           ###.....     4%          2    #......
d - Beastly Appendage     Tmut           ###...       2%          1    None
e - Spider Form           Tmut/Pois      ##........   13%         3    ###....

Your spell library contained the following spells:

 Spells                   Type           Power        Failure   Level  Hunger
 Ice Form                 Ice/Tmut       ##......     41%         4    ####...
 Blade Hands              Tmut           ###.......   58%         5    ######.


Dungeon Overview and Level Annotations

Branches:
Dungeon (4/15)
 Temple: D:4-7

Altars:
Zin


Innate Abilities, Weirdness & Mutations

Your experience applies equally to all skills.
You have very sharp teeth.
Your uncanny sense of smell can sniff out nearby items.


Message History

You feel sick.
The orc priest looks braver for a moment.
Things that are here:
a +0 flail; a +1 short sword of venom; an orc corpse You barely miss the orc priest.
* * * LOW HITPOINT WARNING * * *
You feel sick. The gnoll closely misses you.
The orc priest hits you with a +0 trident.
* * * LOW HITPOINT WARNING * * *
Unknown command.
Casting: Spider Form (safe; 13% risk of failure)
Confirm with . or Enter, or press ? or * to list all spells.
You miscast Spider Form.
You are very lightly contaminated with residual magic.
Strange energies run through your body.
You are near starving!
* * * LOW HITPOINT WARNING * * *
You feel sick.
The gnoll hits you from afar with a +0 spear.
You die...

########### #.........#
#...[.....####
#............#
#............# ..
#............# #.#
#..........†.# #.#
#.......o@#### # #.#
#......go.# # #.#
#.......g.# # #.#
#.........######
###.####).............#
.........................
###.#.#####...........###
......................+
#......####...........#


You could see 2 orc priests and 2 gnolls.

Vanquished Creatures
  2 ogres (D:4)
  A hound (D:4)
  Crazy Yiuf (D:2)
  5 adders
  2 gnolls (D:4)
  4 worms
  A dart slug (D:1)
  3 leopard geckos
  An orc (D:4)
  4 giant cockroaches
  7 goblins
  8 hobgoblins
  8 jackals
  6 bats
  4 frilled lizards
  13 kobolds
  3 rats
73 creatures vanquished.

Vanquished Creatures (others)
  A worker ant (D:4)
1 creature vanquished.

Grand Total: 74 creatures vanquished

Notes
Turn   | Place    | Note
-------+----------+-------------------------------------------
     0 | D:1      | FishyPogo the Gnoll Transmuter began the quest for the Orb.
     0 | D:1      | Reached XP level 1. HP: 17/17 MP: 6/6
   120 | D:1      | Reached XP level 2. HP: 12/23 MP: 7/7
   583 | D:1      | Reached XP level 3. HP: 13/28 MP: 7/9
   588 | D:1      | Reached skill level 5 in Spellcasting
   593 | D:1      | Learned a level 3 spell: Spider Form
   596 | D:1      | Learned a level 2 spell: Sticks to Snakes
   824 | D:2      | Found a glowing silver altar of Zin.
   962 | D:2      | Reached skill level 1 in Invocations
  1154 | D:2      | Reached skill level 1 in Short Blades
  1154 | D:2      | Reached skill level 1 in Long Blades
  1154 | D:2      | Reached skill level 1 in Axes
  1154 | D:2      | Reached skill level 1 in Maces & Flails
  1154 | D:2      | Reached skill level 1 in Polearms
  1154 | D:2      | Reached skill level 1 in Staves
  1154 | D:2      | Reached skill level 1 in Slings
  1154 | D:2      | Reached skill level 1 in Bows
  1154 | D:2      | Reached skill level 1 in Crossbows
  1154 | D:2      | Reached skill level 1 in Throwing
  1154 | D:2      | Reached skill level 1 in Armour
  1154 | D:2      | Reached skill level 1 in Stealth
  1154 | D:2      | Reached skill level 1 in Shields
  1154 | D:2      | Reached skill level 1 in Evocations
  1154 | D:2      | Reached XP level 4. HP: 25/34 MP: 11/11
  1264 | D:2      | Found a runed translucent door.
  1265 | D:2      | Noticed Crazy Yiuf
  1371 | D:2      | Killed Crazy Yiuf
  1371 | D:2      | Reached skill level 1 in Conjurations
  1371 | D:2      | Reached skill level 1 in Hexes
  1371 | D:2      | Reached skill level 1 in Charms
  1371 | D:2      | Reached skill level 1 in Summonings
  1371 | D:2      | Reached skill level 1 in Necromancy
  1371 | D:2      | Reached skill level 1 in Translocations
  1371 | D:2      | Reached skill level 1 in Fire Magic
  1371 | D:2      | Reached skill level 1 in Ice Magic
  1371 | D:2      | Reached skill level 1 in Air Magic
  1371 | D:2      | Reached skill level 1 in Earth Magic
  1371 | D:2      | Reached skill level 1 in Poison Magic
  1655 | D:3      | Reached XP level 5. HP: 34/40 MP: 12/12
  2370 | D:4      | Noticed an ogre
  2383 | D:4      | Killed an ogre
  2383 | D:4      | Reached XP level 6. HP: 27/47 MP: 14/14
  2420 | D:4      | Reached skill level 5 in Dodging
  2496 | D:4      | HP: 2/47 [poisoned by an orc]
  2496 | D:4      | Slain by a gnoll

Skill      XL: |  1  2  3  4  5  6 |
---------------+-------------------+-----
Spellcasting   | 5 |  5.4
Invocations    | 1 2 |  2.3
Short Blades   | 1 2 |  2.1
Long Blades    | 1 2 |  2.1
Axes           | 1 2 |  2.1
Maces & Flails | 1 2 |  2.1
Polearms       | 1 2 |  2.1
Staves         | 1 2 |  2.1
Slings         | 1 2 |  2.1
Bows           | 1 2 |  2.1
Crossbows      | 1 2 |  2.1
Throwing       | 1 2 |  2.1
Armour         | 1 2 |  2.1
Stealth        | 1 2 |  2.1
Shields        | 1 2 |  2.1
Evocations     | 1 2 |  2.1
Conjurations   | 1 |  1.6
Hexes          | 1 |  1.6
Charms         | 1 |  1.6
Summonings     | 1 |  1.6
Necromancy     | 1 |  1.6
Translocations | 1 |  1.6
Fire Magic     | 1 |  1.6
Ice Magic      | 1 |  1.6
Air Magic      | 1 |  1.6
Earth Magic    | 1 |  1.6
Poison Magic   | 1 |  1.6
Fighting       | 3 |  3.3
Transmutations | 4 |  4.1
Dodging        | 5 |  5.0
Unarmed Combat | |  6.9

Action                   |  1- 3 |  4- 6 || total
-------------------------+-------+-------++-------
Melee: Unarmed           |    78 |    30 ||   108
       Headbutt          |     6 |     3 ||     9
       Kick              |    10 |     6 ||    16
       Bite              |     7 |     6 ||    13
       Punch             |     1 |       ||     1
       Quarterstaff      |       |    58 ||    58
 Cast: Beastly Appendage |    16 |    16 ||    32
       Spider Form       |       |     6 ||     6
  Use: Potion            |     1 |       ||     1
 Stab: Sleeping          |     1 |     1 ||     2
  Eat: Chunk             |     1 |     3 ||     4
Armor: Robe              |     5 |    14 ||    19
       Skin              |     1 |       ||     1
Dodge: Dodged            |    47 |    79 ||   126
